 Dungeon Crawl Stone Soup version 0.30.0 (webtiles) character file.

Game seed: 12679198573859485

1578 character the Cleaver (level 8, -1/66 HPs)
             Began as a Minotaur Fighter on Oct 30, 2023.
             Succumbed to an orc warrior's poison
             ... on level 6 of the Dungeon.
             The game lasted 00:14:28 (4499 turns).

character the Cleaver (Minotaur Fighter)            Turns: 4499, Time: 00:14:29

Health: -1/66      AC: 11    Str: 27    XL:     8   Next: 60%
Magic:  2/7        EV: 13    Int:  5    God:
Gold:   254        SH:  4    Dex:  9    Spells: 7/7 levels left

rFire   . . .        k - +10 trident of the Fae God {freeze, rN+ Str+3 SInv}
rCold   . . .        c - +0 buckler
rNeg    + . .        h - +0 chain mail
rPois   .            (helmet restricted)
rElec   .            (no cloak)
rCorr   .            (no gloves)
SInv    +            i - +1 pair of boots
Will    .....        w - amulet of guardian spirit
Stlth   x              - +5 ring of evasion
HPRegen 0.31/turn    z - ring of flight
MPRegen 0.10/turn

%: guardian spirit
@: lethally poisoned (-1 -> -8), about to teleport, flying, studying Fighting
A: horns 2, retaliatory headbutt
a: no special abilities


You were on level 6 of the Dungeon.
You visited 1 branch of the dungeon, and saw 6 of its levels.

You collected 254 gold pieces.

Inventory:

Hand Weapons
 a - a +1 war axe
 k - the +10 trident of the Fae God (weapon) {freeze, rN+ Str+3 SInv}
   (You found it on level 6 of the Dungeon)

   Str:       It affects your strength (+3).
   rN:        It protects you from negative energy.
   SInv:      It lets you see invisible.
Missiles
 b - 5 boomerangs (quivered)
Armour
 c - a +0 buckler (worn)
 h - a +0 chain mail (worn)
 i - a +1 pair of boots (worn)
Jewellery
 d - a ring of resist corrosion
 n - a ring of poison resistance
 w - an amulet of guardian spirit (around neck)
 x - a +5 ring of evasion (left hand)
 z - a ring of flight (right hand)
Wands
 s - a wand of polymorph (11)
Scrolls
 f - 2 scrolls of enchant armour
 j - a scroll of fear
 m - 2 scrolls of fog
 o - 2 scrolls of amnesia
 p - a scroll of vulnerability
Potions
 e - a potion of flight {unknown}
 g - 4 potions of mutation
 l - a potion of heal wounds {unknown}
 r - a potion of attraction {unknown}
 t - 2 potions of curing
 u - 3 potions of lignification
 B - a potion of haste {unknown}


   Skills:
 + Level 3.8 Fighting
 - Level 13.0 Axes
 * Level 0.8(8.3) Polearms
 - Level 3.6 Armour
 - Level 3.6 Shields


You had 7 spell levels left.
You didn't know any spells.
Your spell library contained the following spells:

 Spells                   Type           Power      Damage    Failure   Level
 Apportation              Tloc           0%         N/A       96%         1
 Beastly Appendage        Tmut           0%         N/A       96%         1
 Wereblood                Tmut           0%         N/A       99%         2
 Dazzling Flash           Conj/Hex       0%         N/A       100%        3
 Ozocubu's Armour         Ice            0%         N/A       100%        3
 Spider Form              Tmut/Pois      0%         N/A       100%        3
 Volatile Blastmotes      Fire/Tloc      0%         2d10      100%        3
 Iskenderun's Mystic Bla  Conj/Tloc      0%         2d3       100%        4
 Alistair's Intoxication  Tmut/Pois      0%         N/A       100%        5
 Starburst                Conj/Fire      0%         6d3       100%        6
 Ozocubu's Refrigeration  Ice            0%         4d7       100%        7


Dungeon Overview and Level Annotations

Branches:
Dungeon (6/15)
 Temple: D:4-7

Altars:
Elyvilon

Annotations:
D:2 scroll inside glass


Innate Abilities, Weirdness & Mutations

You have a pair of horns on your head.
You reflexively headbutt those who attack you in melee.


Message History

The orc closely misses you. The orc warrior barely misses you.
The orc hits you with a +1 heavy falchion.
You miss the orc. Your headbutt misses the orc.
You feel very sick. The orc hits you with a +0 mace.
The orc warrior barely misses you. The orc barely misses you.
You closely miss the orc.
You feel sick. The orc hits you but does no damage.
The orc warrior hits you with a +0 trident of venom.
You are more poisoned.
The orc hits you with a +1 heavy falchion!
The orc closely misses you.
You feel less confused.
* * * LOW HITPOINT WARNING * * *
You feel very sick. You block the orc warrior's attack.
You reach down and open the door.
You feel very sick. The orc hits you but does no damage.
The orc warrior hits you from afar with a +0 trident of venom.
* * * LOW HITPOINT WARNING * * *
You are lethally poisoned!
The orc hits you but does no damage.
* * * LOW HITPOINT WARNING * * *
You feel very sick. You block the orc's attack.
There is an open door here.
You feel better.
The orc hits you with a +1 heavy falchion.
* * * LOW HITPOINT WARNING * * *
The orc closely misses you. You furiously retaliate!
You headbutt the orc.
As you read the scroll of teleportation, it crumbles to dust.
You feel strangely unstable. The orc misses you.
The orc warrior hits you from afar with a +0 trident of venom!
* * * LOW HITPOINT WARNING * * *
You are lethally poisoned!
The orc hits you with a +1 heavy falchion.
* * * LOW HITPOINT WARNING * * *
* * * LOW HITPOINT WARNING * * *
You feel very sick.
You die...

# ####### #######
..##.....# #.....#
.........############.....#
........oo.@........'.....+
.#....oo##......####.....#
#......##.####.####.....#
#......>..## #.#...######
..............##.#...#
#########.###....#...#####
.......#...........
#.#.....#.#..#######
#.#####.#.#........#


You could see an orc warrior and 3 orcs.

Vanquished Creatures
  Sigmund (D:3)
  Eustachio (D:6)
  Menkaure (D:4)
  A black bear (D:5)
  Duvessa (D:4)
  2 ogres
  Blork the orc (D:4)
  A bullfrog (D:4)
  A scorpion (D:5)
  Dowan (D:4)
  A howler monkey (D:5)
  A jelly (D:4)
  An orc priest (D:6)
  A hound (D:5)
  2 iguanas
  Ijyb (D:2)
  6 orc wizards
  8 adders
  3 worms
  2 dart slugs
  14 orcs
  7 bats
  5 endoplasms
  3 giant cockroaches
  14 goblins
  7 hobgoblins
  11 jackals
  5 quokkas
  8 ball pythons
  3 frilled lizards (D:1)
  5 kobolds
  4 rats
123 creatures vanquished.

Notes
Turn   | Place    | Note
-------+----------+-------------------------------------------
     0 | D:1      | character the Minotaur Fighter began the quest for the Orb.
     0 | D:1      | Reached XP level 1. HP: 19/19 MP: 0/0
   141 | D:1      | Reached skill level 3 in Axes
   229 | D:1      | Reached XP level 2. HP: 22/26 MP: 1/1
   420 | D:1      | Reached skill level 4 in Axes
   773 | D:2      | Reached XP level 3. HP: 31/31 MP: 2/2
   995 | D:2      | Reached skill level 5 in Axes
  1130 | D:2      | Reached XP level 4. HP: 39/39 MP: 3/3
  1142 | D:2      | Found a faded altar of an unknown god.
  1146 | D:2      | Noticed Ijyb
  1163 | D:2      | Killed Ijyb
  1570 | D:2      | Reached skill level 6 in Axes
  1817 | D:3      | Reached XP level 5. HP: 40/45 MP: 4/4
  1896 | D:3      | Noticed Sigmund
  1909 | D:3      | Killed Sigmund
  1910 | D:3      | Reached skill level 8 in Axes
  1910 | D:3      | Reached XP level 6. HP: 36/51 MP: 5/5
  2394 | D:3      | Identified a scroll of acquirement
  2394 | D:3      | Acquired a manual of Fighting
  2484 | D:4      | Noticed Duvessa
  2488 | D:4      | Noticed Dowan
  2514 | D:4      | Killed Duvessa
  2525 | D:4      | Killed Dowan
  2526 | D:4      | Reached skill level 9 in Axes
  2747 | D:4      | Reached XP level 7. HP: 47/57 MP: 6/6
  2969 | D:4      | Noticed Blork the orc
  2975 | D:4      | Killed Blork the orc
  2976 | D:4      | Reached skill level 10 in Axes
  3041 | D:4      | Noticed Menkaure
  3048 | D:4      | Killed Menkaure
  3277 | D:4      | Reached skill level 11 in Axes
  3286 | D:5      | Entered Level 5 of the Dungeon
  3584 | D:5      | Reached XP level 8. HP: 64/64 MP: 7/7
  3931 | D:5      | Reached skill level 12 in Axes
  4289 | D:6      | Noticed Eustachio
  4347 | D:6      | Killed Eustachio
  4348 | D:6      | Reached skill level 13 in Axes
  4358 | D:6      | Identified the +10 trident of the Fae God {freeze, rN+
                  | Str+3 SInv}
  4403 | D:6      | Found a white marble altar of Elyvilon.
  4498 | D:6      | HP: 1/66 [poisoned by an orc warrior]
  4499 | D:6      | Succumbed to an orc warrior's poison

Illustrated notes

Levels and vault maps discovered:
D:1:      lordsloth_arrival_two_stooges, layout_loops_ring,
          columned_hall_lemuel, corner_web_ring, minivault_14,
          minmay_misc_feat_plants
D:2:      kennysheep_the_goblin_king, layout_loops_ring, basic_ecumenical_altar,
          grunt_decor_one_mirror, minmay_surrounded
D:3:      layout_loops_ring, uniq_sigmund
D:4:      cheibrodos_helix_gallery, layout_rooms, kennysheep_generic_room_4,
          uniq_blork_the_orc, uniq_duvessa, uniq_menkaure
D:5:      layout_loops_corners, nrook_campfire, grunt_decor_clamped
D:6:      layout_basic, nicolae_overflow_crystal_walls, trog_ov_bears_minmay,
          serial_shops, nicolae_shop_scrapyard,
          minmay_a_box_with_orc_wizards_in_it, uniq_eustachio

Skill      XL: |  1  2  3  4  5  6  7  8 |
---------------+-------------------------+-----
Axes           | 3 4 5 6 8 9 11 13 | 13.0
Fighting       | |  3.8
Polearms       | |  0.8
Armour         | |  3.6
Shields        | |  3.6

Action                     |  1- 3 |  4- 6 |  7- 9 || total
---------------------------+-------+-------+-------++-------
  Melee: War axe           |    80 |    84 |   104 ||   268
         Headbutt          |     7 |     9 |    18 ||    34
         Unarmed           |       |     5 |       ||     5
         Trident           |       |       |    12 ||    12
    Use: Potion            |       |     2 |     1 ||     3
         Scroll            |       |    15 |     2 ||    17
 Armour: Scale mail        |    43 |    36 |    11 ||    90
         Skin              |       |     1 |       ||     1
         Chain mail        |       |       |    28 ||    28
  Dodge: Dodged            |    39 |    66 |    68 ||   173
  Block: Buckler           |    22 |    17 |    24 ||    63
